 Dungeon Crawl Stone Soup version 0.24-a0-640-ge7cd8ce796 (webtiles) character file.

Game seed: 9091270616719544529, levelgen mode: deterministic

133 Holzbalken the Cudgeler (level 4, 0/33 HPs)
             Began as a Demonspawn Gladiator on Sept 25, 2019.
             Was an Initiate of Makhleb.
             Slain by a frilled lizard (3 damage)
             ... while paralysed by Grinder
             ... on level 4 of the Dungeon.
             The game lasted 00:14:20 (3167 turns).

Holzbalken the Cudgeler (Demonspawn Gladiator)      Turns: 3167, Time: 00:14:21

Health: 0/33       AC:  5    Str: 15    XL:     4   Next: 94%
Magic:  4/4        EV:  2    Int: 13    God:    Makhleb [......]
Gold:   87         SH:  0    Dex: 15    Spells: 3/3 levels left

rFire    . . .     SeeInvis +   a - +1 dagger (venom)
rCold    . . .     Gourm    .   (no shield)
rNeg     . . .     Faith    .   y - +0 leather armour
rPois    .         Spirit   .   (helmet restricted)
rElec    .         Reflect  .   (no cloak)
rCorr    .         Harm     .   i - +1 pair of gloves
MR       .....                  (no boots)
Stlth    +++.......             (no amulet)
HPRegen  0.11/turn              q - +4 ring of intelligence
MPRegen  0.09/turn              z - ring of see invisible

@: paralysed
A: antennae 1, nightstalker 1
a: Renounce Religion


You were on level 4 of the Dungeon.
You worshipped Makhleb.
Makhleb was noncommittal.
You were not hungry.

You visited 1 branch of the dungeon, and saw 4 of its levels.

You collected 87 gold pieces.

Inventory:

Hand Weapons
 a - a +1 dagger of venom (weapon)
   (You took it off a kobold on level 2 of the Dungeon)
 b - a +0 hunting sling
   (You found it on level 2 of the Dungeon)
Missiles
 d - 3 throwing nets (quivered) {!f}
 u - 49 stones
Armour
 i - a +1 pair of gloves (worn)
   (You found it on level 2 of the Dungeon)
 y - a +0 leather armour (worn)
   (You found it on level 3 of the Dungeon)
Jewellery
 j - an uncursed ring of wizardry
   (You found it on level 2 of the Dungeon)
 q - a +4 ring of intelligence (left hand)
   (You found it on level 1 of the Dungeon)
 z - a ring of see invisible (right hand)
   (You found it on level 1 of the Dungeon)
Scrolls
 h - 2 scrolls of remove curse {@r2}
 n - a scroll of enchant weapon
 s - a scroll of enchant armour
Potions
 f - 2 potions of ambrosia
 l - a potion of invisibility {unknown}
 p - 2 potions of flight
 r - a potion of haste {unknown}
 t - a potion of curing {@q1}
 w - a potion of brilliance {unknown}
 x - a potion of lignification {unknown}
Comestibles
 e - 10 rations {!d}


   Skills:
 - Level 2.0 Fighting
 + Level 2.5 Short Blades
   Level 3.2 Maces & Flails
 - Level 1.7 Throwing
 - Level 2.6 Dodging
 + Level 2.7 Stealth


You had 3 spell levels left.
You didn't know any spells.
Your spell library was empty.

Dungeon Overview and Level Annotations

Branches:
Dungeon (4/15)
 Temple: D:4-7

Altars:
Dithmenos
Makhleb
Trog
Vehumet

Annotations:
D:4 Grinder


Innate Abilities, Weirdness & Mutations

You have a pair of small antennae on your head.
You are slightly more attuned to the shadows.


Message History

Your +0 dagger of venom glows red for a moment.
As you read the scroll labeled HEVERI OTIR, it crumbles to dust.
It is a scroll of enchant armour.
Your +0 pair of gloves glows green for a moment.
Drop what? 26/52 slots (_ for help) (? for menu, Esc to quit)
You drop a +0 helmet.
You drop a +0 flail.
You drop a +0 leather armour.
Blink to where?
Are you sure you want to cancel this blink?
Okay, then.
As you read the scroll labeled MUYKLAKABU, it crumbles to dust.
It was a scroll of blinking.
As you read the scroll labeled APOMAYT XE PIH, it crumbles to dust.
You assume a fearsome visage.
Nothing appears to happen.
It was a scroll of fear.
As you read the scroll labeled QIHYD YNAIV, it crumbles to dust.
You smell salt.
It was a scroll of random uselessness.
A frilled lizard comes into view.
The helpless frilled lizard fails to defend itself.
You puncture the frilled lizard!
You kill the frilled lizard!
Makhleb accepts your kill.
A frilled lizard comes into view.
You see here a frilled lizard corpse.
You butcher the frilled lizard corpse.
Things that are here:
a chunk of flesh; a frilled lizard skeleton Grinder comes into view.
Grinder shouts!
Grinder hits you.
You writhe in agony.
You closely miss Grinder. You closely miss Grinder. Grinder gestures at you.
You suddenly lose the ability to move!
The frilled lizard bites you but does no damage.
Grinder hits you.
You writhe in agony.
The frilled lizard bites you.
* * * LOW HITPOINT WARNING * * *
Grinder barely misses you.
The frilled lizard bites you but does no damage.
Grinder gestures at you. Pain shoots through your body!
* * * LOW HITPOINT WARNING * * *
The frilled lizard bites you but does no damage.
Grinder hits you.
* * * LOW HITPOINT WARNING * * *
You writhe in agony.
* * * LOW HITPOINT WARNING * * *
The frilled lizard bites you.
You die...

.........
#.......
#<...... .##
.# #.....>. .
... .##.
#.......
..##.#####...
###.####
#..........#
.#
#.........#
.. #....l...#
.. #...5@...#
#.......%#
#........#
..........##
####...##..#
#.#.#...#
#.......#
#......##
#......#


You could see Grinder and a frilled lizard.

Vanquished Creatures
  A worker ant (D:3)
  3 adders (D:2)
  3 oozes
  2 worms (D:3)
  A dart slug (D:1)
  2 leopard geckos
  2 orcs (D:3)
  5 giant cockroaches
  9 goblins
  4 hobgoblins
  3 quokkas
  2 ball pythons
  4 bats
  4 frilled lizards
  11 kobolds
  6 rats
62 creatures vanquished.

Vanquished Creatures (others)
  A kobold (D:3)
  A rat (D:3)
2 creatures vanquished.

Grand Total: 64 creatures vanquished

Notes
Turn   | Place    | Note
-------+----------+-------------------------------------------
     0 | D:1      | Holzbalken the Demonspawn Gladiator began the quest for the
                  | Orb.
     0 | D:1      | Reached XP level 1. HP: 16/16 MP: 1/1
    25 | D:1      | You fall into a shaft and drop 1 floor!
    31 | D:2      | Reached skill level 3 in Maces & Flails
   312 | D:2      | Gained mutation: You are slightly more attuned to the
                  | shadows. [demonic ancestry]
   312 | D:2      | Reached XP level 2. HP: 10/22 MP: 2/2
   949 | D:1      | Reached skill level 1 in Short Blades
   977 | D:1      | Reached skill level 1 in Stealth
  1012 | D:1      | Gained mutation: You have a pair of small antennae on your
                  | head. [demonic ancestry]
  1012 | D:1      | Reached XP level 3. HP: 27/27 MP: 3/3
  1536 | D:2      | Found a bloodstained altar of Trog.
  1712 | D:2      | Reached XP level 4. HP: 23/33 MP: 4/4
  1930 | D:3      | Found a radiant altar of Vehumet.
  2471 | D:3      | Found a burning altar of Makhleb.
  2471 | D:3      | Noticed a green death
  2481 | D:3      | Noticed a smoke demon
  2481 | D:3      | Noticed a hellwing
  2485 | D:3      | Became a worshipper of Makhleb the Destroyer
  2694 | D:3      | Found a shadowy altar of Dithmenos.
  3159 | D:4      | Noticed Grinder
  3163 | D:4      | Paralysed by Grinder for 4 turns
  3167 | D:4      | Slain by a frilled lizard

Levels and vault maps discovered:
D:1:      zelgadis_glass_arrival_small, layout_rooms, grunt_decor_fettered,
          serial_park_tiny_1
D:2:      layout_loops_ring, bloody_trog
D:3:      layout_rooms, lemuel_coloured_pillars_altar, fiery_altar_vehumet,
          makhleb_altar_promises_db, first_ration, st_stairs_7
D:4:      minmay_polygon_palace, layout_rooms, kennysheep_generic_room_8,
          uniq_grinder

Skill      XL: |  1  2  3 |
---------------+----------+-----
Maces & Flails | 3 |  3.2
Short Blades   | 1 2 |  2.5
Stealth        | 1 2 |  2.7
Fighting       | |  2.0
Throwing       | |  1.7
Dodging        | |  2.6

Action                   |  1- 3 |  4- 6 || total
-------------------------+-------+-------++-------
Melee: Flail             |    33 |       ||    33
       Dagger            |    82 |    77 ||   159
  Use: Scroll            |       |     9 ||     9
 Stab: Sleeping          |     7 |    10 ||    17
  Eat: Chunk             |     2 |     5 ||     7
Armor: Leather armour    |    28 |    10 ||    38
Dodge: Dodged            |    66 |    27 ||    93

Table legend:
 A = Non-vault XP
 B = Vault XP
 C = Vault XP percentage of total XP
 D = Non-vault monster count
 E = Vault monster count
 F = Vault count percentage of total count
                 A         B        C        D         E       F
            +---------+---------+-------+---------+---------+-------
      Total |     186 |       5 |   2.6 |      61 |       1 |   1.6
            +---------+---------+-------+---------+---------+-------
        D:1 |      28 |       0 |   0.0 |      17 |       0 |   0.0
        D:2 |      82 |       0 |   0.0 |      25 |       0 |   0.0
        D:3 |      72 |       5 |   6.5 |      17 |       1 |   5.6
        D:4 |       4 |       0 |   0.0 |       2 |       0 |   0.0
            +---------+---------+-------+---------+---------+-------
